 Dungeon Crawl Stone Soup version 0.27.1 (webtiles) character file.

Game seed: 8052339216168972079

7593 pkoi the Cleaver (level 10, -2/90 HPs)
             Began as a Minotaur Monk on Aug 27, 2021.
             Was an Elder of Makhleb.
             Slain by a vampire (5 damage)
             ... on level 11 of the Dungeon.
             The game lasted 00:14:22 (11731 turns).

pkoi the Cleaver (Minotaur Monk)                   Turns: 11731, Time: 00:14:22

Health: -2/90      AC: 15    Str: 19    XL:     10   Next: 97%
Magic:  16/16      EV:  9    Int:  7    God:    Makhleb [****..]
Gold:   564        SH:  5    Dex: 13    Spells: 9/9 levels left

rFire    . . .     SeeInvis .   r - +0 battleaxe
rCold    . . .     Faith    .   (shield currently unavailable)
rNeg     . . .     Spirit   .   c - +0 chain mail
rPois    .         Reflect  +   (helmet restricted)
rElec    .         Harm     .   h - +1 cloak
rCorr    +         Rampage  .   n - +1 pair of gloves
Will     .....                  (no boots)
Stlth    ..........             a - amulet of reflection
HPRegen  0.25/turn              q - ring "Lauss" {+Blink rCorr}
MPRegen  0.15/turn              z - ring of wizardry

@: no status effects
A: horns 2, retaliatory headbutt
a: Renounce Religion, Evoke Blink, Minor Destruction, Lesser Servant of Makhleb,
Major Destruction


You were on level 11 of the Dungeon.
You worshipped Makhleb.
Makhleb was greatly pleased with you.
You visited 2 branches of the dungeon, and saw 12 of its levels.

You collected 564 gold pieces.

Inventory:

Hand Weapons
 r - a +0 battleaxe (weapon)
 w - a +0 vorpal war axe
Missiles
 b - a throwing net
 f - 6 boomerangs
 l - 4 curare-tipped darts
 p - 20 poisoned darts (quivered)
Armour
 c - a +0 chain mail (worn)
 h - a +1 cloak (worn)
 n - a +1 pair of gloves (worn)
Jewellery
 a - an amulet of reflection (around neck)
 q - the ring "Lauss" (left hand) {+Blink rCorr}
   (You found it on level 4 of the Dungeon)

   [ring of resist corrosion]

   +Blink:    It lets you blink.
   rCorr:     It protects you from acid and corrosion.
 u - the ring of Kyablozu {Fire Str+3}
   (You found it on level 6 of the Dungeon)

   [ring of fire]

   It enhances your fire magic.
   Str:       It affects your strength (+3).
   rF:        It protects you from fire.
   rC:        It makes you vulnerable to cold.
 z - a ring of wizardry (right hand)
Wands
 s - a wand of charming (9)
 v - a wand of iceblast (17)
 y - a wand of digging (7)
Scrolls
 e - 2 scrolls of fog
 k - 2 scrolls of amnesia
 m - a scroll of magic mapping
 A - a scroll of holy word
Potions
 d - 2 potions of lignification
 g - 5 potions of curing
 i - 4 potions of flight
 j - 2 potions of attraction
 o - 3 potions of might
 t - a potion of brilliance
 x - a potion of resistance


   Skills:
 + Level 8.6 Fighting
 * Level 12.0 Axes
 - Level 4.0 Throwing
 + Level 7.6 Armour
 - Level 3.2 Dodging
 - Level 1.5 Stealth
 * Level 9.4 Invocations


You had 9 spell levels left.
You didn't know any spells.
Your spell library contained the following spells:

 Spells                   Type           Power      Damage    Failure   Level
 Foxfire                  Conj/Fire      0%         2x1d4     82%         1
 Pain                     Necr           0%         1d4       82%         1
 Summon Small Mammal      Summ           0%         N/A       82%         1
 Corpse Rot               Necr/Air       N/A        N/A       91%         2
 Slow                     Hex            0%         N/A       91%         2
 Call Canine Familiar     Summ           0%         N/A       99%         3
 Confusing Touch          Hex            0%         N/A       99%         3
 Portal Projectile        Hex/Tloc       0%         N/A       99%         3
 Dispel Undead            Necr           0%         3d6       100%        4
 Leda's Liquefaction      Hex/Erth       0%         N/A       100%        4
 Agony                    Necr           0%         N/A       100%        5
 Excruciating Wounds      Necr           0%         N/A       100%        5
 Yara's Violent Unravell  Hex/Tmut       0%         3d3       100%        5
 Death Channel            Necr           0%         N/A       100%        6


Dungeon Overview and Level Annotations

Branches:
Dungeon (11/15)            Temple (1/1) D:7            Lair (0/6) D:9
    Orc (0/2) D:9

Altars:
Ashenzari
Cheibriados
Dithmenos
Elyvilon
Fedhas
Gozag
Hepliaklqana
Kikubaaqudgha
Makhleb
Nemelex Xobeh
Okawaru
Qazlal
Ru
Sif Muna
Trog
Uskayaw
Vehumet
Wu Jian
Xom
Yredelemnul
Zin
The Shining One
Lugonu

Annotations:
D:4 2 transporters, Harkinian2's ghost, amateur DsGl


Innate Abilities, Weirdness & Mutations

You have a pair of horns on your head.
You reflexively headbutt those who attack you in melee.


Message History

You hit the centaur warrior zombie but do no damage.
You barely miss the orc wizard.
The centaur warrior zombie hits you but does no damage.
The centaur warrior zombie kicks you but does no damage.
Something hits you. Something completely misses you.
The two-headed ogre hits you with a +0 giant club!
The two-headed ogre hits you but does no damage.
The orc wizard gestures wildly while chanting.
The orc wizard flickers and vanishes!
The centaur warrior zombie misses you.
The centaur warrior zombie kicks you but does no damage.
You miss something. You headbutt something. You barely miss something.
You hit the centaur warrior zombie but do no damage.
You slash the two-headed ogre! Something draws life force from you!
* * * LOW HITPOINT WARNING * * *
The centaur warrior zombie misses you.
The centaur warrior zombie barely misses you.
You block the two-headed ogre's attack.
The two-headed ogre hits you with a +0 giant spiked club!
* * * LOW HITPOINT WARNING * * *
Something hits you but does no damage.
Unknown command.
Unknown command.
You barely miss something. You slash something! Makhleb accepts your kill.
Reactivating autopickup.
You feel a bit more experienced.
You slash the centaur warrior zombie! You hit the two-headed ogre.
The centaur warrior zombie hits you but does no damage.
The centaur warrior zombie kicks you but does no damage.
Something hits you!
* * * LOW HITPOINT WARNING * * *
Deactivating autopickup; reactivate with Ctrl-A.
Something bites you but does no damage.
The two-headed ogre hits you with a +0 giant club!
* * * LOW HITPOINT WARNING * * *
The two-headed ogre closely misses you.
The centaur warrior zombie hits you but does no damage.
The centaur warrior zombie kicks you but does no damage.
Something hits you.
You die...

........... #. .........
..###..!.(..##
#............ ..........
#......# . #..){O#
#.....#### ..##..Z@##
##......#.##
......4..##...........##
........##......[......#
..........>.##.........#
............#..#.......#
........>.....##.......#
.........##............#
....#.................##
...##.............#...#.


You could see a two-headed ogre, a centaur warrior zombie and a friendly orange
demon (summoned).

Vanquished Creatures
  A two-headed ogre (D:10)
  Pikel (D:4)
  A cyclops (D:11)
  3 centaur zombies
  A gargoyle (D:11)
  Sigmund (D:4)
  A shadow (D:10)
  A wraith (D:9)
  Eustachio (D:3)
  Menkaure (D:6)
  A water moccasin (D:5)
  5 orc warriors
  An ice beast (D:5)
  5 black bears
  A necrophage (D:3)
  3 ogres
  3 centaurs
  A phantom (D:5)
  A lemure (D:4)
  A kobold brigand (D:9)
  3 bullfrogs
  2 gnoll sergeants
  A scorpion (D:9)
  A wyvern zombie (D:8)
  A water moccasin skeleton (D:5)
  5 wights (D:9)
  A killer bee (D:8)
  2 jellies
  3 howler monkeys
  2 bullfrog zombies (D:6)
  4 centaur skeletons
  3 orc priests
  6 hounds
  3 iron imps (D:4)
  2 bullfrog skeletons
  A gnoll shaman (D:9)
  Terence (D:3)
  3 iguanas
  11 orc wizards
  2 howler monkey zombies
  20 gnolls
  A howler monkey skeleton (D:5)
  8 adders
  A shadow imp (D:6)
  A white imp (D:8)
  An ufetubus (D:6)
  4 dart slugs
  22 orcs
  6 ball pythons
  An endoplasm (D:1)
  4 giant cockroaches
  6 goblins
  10 hobgoblins
  2 jackals (D:3)
  14 kobolds
  9 quokkas
  9 bats
  2 frilled lizards
  8 rats
220 creatures vanquished.

Vanquished Creatures (collateral kills)
  A two-headed ogre (D:10)
  2 killer bees (D:8)
  A gnoll shaman (D:6)
  3 gnolls (D:6)
7 creatures vanquished.

Vanquished Creatures (others)
  19 fungi (D:9)
  13 plants (D:9)
32 creatures vanquished.

Grand Total: 259 creatures vanquished

Notes
Turn   | Place    | Note
-------+----------+-------------------------------------------
     0 | D:1      | pkoi the Minotaur Monk began the quest for the Orb.
     0 | D:1      | Reached XP level 1. HP: 19/19 MP: 0/0
    46 | D:1      | Reached skill level 4 in Axes
    51 | D:1      | Reached XP level 2. HP: 19/26 MP: 1/1
   407 | D:1      | Reached skill level 5 in Axes
   463 | D:1      | Found a faded altar of an unknown god.
   515 | D:1      | Became a worshipper of Makhleb the Destroyer
   515 | D:1      | Reached * piety under Makhleb
   515 | D:1      | Reached ** piety under Makhleb
   623 | D:2      | Reached XP level 3. HP: 31/31 MP: 2/2
   677 | D:2      | Reached *** piety under Makhleb
  1190 | D:3      | Reached skill level 1 in Invocations
  1534 | D:3      | Noticed a necrophage
  1556 | D:3      | Killed a necrophage
  1557 | D:3      | Reached skill level 1 in Armour
  1557 | D:3      | Reached XP level 4. HP: 29/40 MP: 2/4
  1557 | D:3      | Reached XP level 5. HP: 34/46 MP: 2/5
  1761 | D:3      | Noticed Terence
  1774 | D:3      | Killed Terence
  1775 | D:3      | Reached skill level 6 in Axes
  2026 | D:3      | Found a radiant altar of Vehumet.
  2322 | D:4      | HP: 2/46 [poisoned by a kobold]
  2919 | D:4      | Found a bloodstained altar of Trog.
  2919 | D:4      | Noticed an orc warrior
  2926 | D:4      | Killed an orc warrior
  2927 | D:4      | Reached XP level 6. HP: 32/53 MP: 7/7
  3146 | D:4      | Found a shimmering blue altar of Sif Muna.
  3150 | D:4      | Got Sif Muna's Tome of Summoning and the Blaze
  3157 | D:4      | Identified the ring "Lauss" {+Blink rCorr}
  3188 | D:4      | Noticed Eustachio
  3431 | D:3      | Killed Eustachio
  3432 | D:3      | Reached skill level 1 in Throwing
  3432 | D:3      | Reached XP level 7. HP: 8/60 MP: 8/8
  3803 | D:4      | Found a sparkling altar of Nemelex Xobeh.
  3806 | D:4      | Noticed Pikel
  3838 | D:4      | Killed Pikel
  3839 | D:4      | Reached skill level 5 in Fighting
  3839 | D:4      | Reached skill level 7 in Axes
  4016 | D:4      | Noticed Sigmund
  4019 | D:4      | Found a transporter.
  4021 | D:4      | Noticed Harkinian2's ghost (amateur DsGl)
  4041 | D:5      | Entered Level 5 of the Dungeon
  4053 | D:5      | Reached XP level 8. HP: 65/68 MP: 10/10
  4272 | D:5      | Reached **** piety under Makhleb
  4309 | D:5      | Reached skill level 8 in Axes
  4309 | D:5      | Reached skill level 5 in Invocations
  4685 | D:5      | Found a sacrificial altar of Ru.
  5214 | D:5      | Found an iron altar of Okawaru.
  5460 | D:6      | Reached skill level 9 in Axes
  5520 | D:6      | Reached XP level 9. HP: 51/75 MP: 12/12
  5540 | D:6      | Found a glowing golden altar of the Shining One.
  5806 | D:6      | Found a snail-covered altar of Cheibriados.
  5825 | D:6      | Found an opulent altar of Gozag.
  5859 | D:6      | Reached skill level 5 in Armour
  5907 | D:6      | Noticed Menkaure
  6459 | D:6      | Killed Menkaure
  6682 | D:6      | Reached skill level 10 in Axes
  6891 | D:6      | Identified the ring of Kyablozu {Fire Str+3}
  7638 | D:7      | Found a staircase to the Ecumenical Temple.
  7771 | D:7      | Found a basalt altar of Yredelemnul.
  8006 | Temple   | Entered the Ecumenical Temple
  8398 | D:8      | Reached XP level 10. HP: 58/86 MP: 14/14
  8872 | D:4      | Killed Sigmund
  8927 | D:4      | Found a transporter.
  9081 | D:4      | Found a burning altar of Makhleb.
  9314 | D:9      | Found a staircase to the Orcish Mines.
  9674 | D:9      | Found a staircase to the Lair.
  9679 | D:9      | Reached skill level 11 in Axes
  9783 | D:9      | Found a stormy altar of Qazlal.
  9804 | D:9      | Reached ***** piety under Makhleb
 10379 | D:10     | Entered Level 10 of the Dungeon
 10442 | D:10     | Noticed a two-headed ogre
 10454 | D:10     | Killed a two-headed ogre
 10529 | D:10     | Found a white marble altar of Elyvilon.
 11047 | D:11     | Noticed a gargoyle
 11057 | D:11     | Killed a gargoyle
 11329 | D:11     | Noticed a two-headed ogre
 11353 | D:10     | Killed a two-headed ogre
 11717 | D:11     | Noticed a cyclops
 11720 | D:11     | Noticed a two-headed ogre
 11725 | D:11     | Killed a cyclops
 11726 | D:11     | Reached skill level 12 in Axes
 11731 | D:11     | HP: 3/90 [two-headed ogre (12)]
 11731 | D:11     | Slain by a vampire

Illustrated notes

Levels and vault maps discovered:
D:1:      saegor_arrival_simple_b, layout_rooms,
          shapermc_ecumenical_altar_pompeii, minmay_tree_intersection,
          chequers_serial_rivers_room_a
D:2:      layout_loops_ring, hangedman_decor_growths
D:3:      minmay_wonky_spiral, layout_basic, vehumet_crystals,
          minmay_stone_trees_medium, fountainhead, interstate_on_off,
          minmay_misc_feat_chi, minmay_cut_off, uniq_terence
D:4:      layout_rooms, nzn_overflow_gifts_of_might_and_magic,
          amcnicky_altar_gilded, demons_altar, gammafunk_ghost_mausoleum,
          uniq_sigmund, uniq_pikel, uniq_eustachio
D:5:      layout_loops_ring, mainiacjoe_overflow_24_doors,
          okawaru_altar_gauntlet_db, minmay_bent
D:6:      layout_rooms, kennysheep_mini_moat, kennysheep_mini,
          kennysheep_little_box, minmay_joined_circles, uniq_menkaure
D:7:      layout_basic, yredelemnul_altar_generic, minmay_temple_entry_overgrown
D:8:      layout_cave_pools
D:9:      layout_loops_ring, nicolae_qazlal_style_of_elements,
          grunt_lair_entry_orc_guard_hut, orc_0_dummy, nrook_campfire
D:10:     layout_irregular_city, mainiacjoe_overflow_surrounded_room
D:11:     layout_cave_pools
Temple:   kb_corrupted_temple

Skill      XL: |  1  2  3  4  5  6  7  8  9 10 |
---------------+-------------------------------+-----
Axes           | 4 5 6 7 9 10 12 | 12.0
Invocations    | 2 3 4 6 7 9 |  9.4
Fighting       | 4 5 6 7 8 |  8.6
Armour         | 1 2 3 4 6 7 |  7.6
Throwing       | 1 2 3 4 |  4.0
Dodging        | |  3.2
Stealth        | |  1.5

Action                   |  1- 3 |  4- 6 |  7- 9 | 10-12 || total
-------------------------+-------+-------+-------+-------++-------
Melee: Hand axe          |   111 |   121 |   213 |       ||   445
       Headbutt          |    17 |    20 |    65 |    34 ||   136
       Whip              |       |       |    61 |       ||    61
       War axe           |       |       |    46 |   161 ||   207
       Battleaxe         |       |       |       |    11 ||    11
Throw: Dart              |       |     4 |     8 |     4 ||    16
       Boomerang         |       |     3 |       |       ||     3
Invok: Minor Destruction |       |     1 |       |       ||     1
       Lesser Servant of |       |       |     2 |     3 ||     5
Evoke: Wand              |       |     5 |    34 |       ||    39
  Use: Scroll            |     3 |     3 |     4 |     7 ||    17
       Potion            |       |     1 |       |       ||     1
Armor: Robe              |     2 |       |       |       ||     2
       Chain mail        |    72 |    70 |   222 |    95 ||   459
Dodge: Dodged            |    46 |    59 |   136 |    64 ||   305
Block: Other             |       |       |       |    29 ||    29
       Reflection        |       |       |       |     1 ||     1
